 Dungeon Crawl Stone Soup version 0.27-a0-1184-ge86db4a01e (webtiles) character file.

Game seed: 6779641927109390980

24 bisexualwizard the Chopper (level 2, -2/25 HPs)
             Began as a Minotaur Gladiator on May 19, 2021.
             Slain by a quokka (3 damage)
             ... on level 1 of the Dungeon.
             The game lasted 00:01:39 (428 turns).

bisexualwizard the Chopper (Minotaur Gladiator)      Turns: 428, Time: 00:01:40

Health: -2/25      AC:  3    Str: 18    XL:     2   Next: 79%
Magic:  1/1        EV: 12    Int:  5    God:
Gold:   29         SH:  0    Dex: 11    Spells: 1/1 levels left

rFire    . . .     SeeInvis .   a - +0 war axe
rCold    . . .     Faith    .   (no shield)
rNeg     . . .     Spirit   .   b - +0 leather armour
rPois    .         Reflect  .   c - +0 hat
rElec    .         Harm     .   (no cloak)
rCorr    .         Rampage  .   (no gloves)
Will     .....                  (no boots)
Stlth    +.........             (no amulet)
HPRegen  0.08/turn              (no ring)
MPRegen  0.07/turn              (no ring)

@: no status effects
A: horns 2, retaliatory headbutt
a: no special abilities


You were on level 1 of the Dungeon.
You visited 1 branch of the dungeon, and saw 1 of its levels.

You collected 29 gold pieces.

Inventory:

Hand Weapons
 a - a +0 war axe (weapon)
Missiles
 d - 3 throwing nets (quivered)
 f - 16 poisoned darts
Armour
 b - a +0 leather armour (worn)
 c - a +0 hat (worn)
Potions
 e - a potion of heal wounds {unknown}


   Skills:
 + Level 2.8 Fighting
 + Level 4.0 Axes
 + Level 2.0 Throwing
 + Level 0.6 Armour
 + Level 3.8 Dodging


You had one spell level left.
You didn't know any spells.
Your spell library was empty.

Dungeon Overview and Level Annotations

Branches:
Dungeon (1/15)

Altars:


Innate Abilities, Weirdness & Mutations

You have a pair of horns on your head.
You reflexively headbutt those who attack you in melee.


Message History

Found a fuming black potion and 8 gold pieces.
Found a faded altar of an unknown god.
The gnoll barely misses you.
There is a huge open gate here.
The gnoll hits you with a +0 spear!
There is a huge open gate here.
You closely miss the gnoll.
You hit the giant cockroach but do no damage.
The giant cockroach bites you but does no damage.
The gnoll barely misses you. The giant cockroach barely misses you.
You hit the gnoll. Your headbutt misses the gnoll.
The gnoll is moderately wounded.
You closely miss the giant cockroach. The gnoll closely misses you.
The giant cockroach completely misses you.
You furiously retaliate!
You headbutt the giant cockroach!
You kill the giant cockroach!
You closely miss the gnoll. You headbutt the gnoll!
The gnoll is almost dead.
You closely miss the quokka. The quokka barely misses you.
The gnoll hits you with a +0 spear. The quokka misses you.
The gnoll hits you with a +0 spear.
* * * LOW HITPOINT WARNING * * *
You are too injured to fight recklessly!
A rat comes into view.
The gnoll hits you from afar with a +0 spear.
* * * LOW HITPOINT WARNING * * *
The quokka bites you.
* * * LOW HITPOINT WARNING * * *
The rat bites you but does no damage. The quokka barely misses you.
You furiously retaliate!
You headbutt the quokka, but do no damage.
The quokka bites you but does no damage.
The quokka misses you.
You closely miss the quokka. The quokka bites you.
* * * LOW HITPOINT WARNING * * *
The quokka bites you but does no damage.
You hit the quokka.
The quokka is heavily wounded.
The quokka bites you.
You die...

#....###.#
####...####....
#........#
#...........###
#...####.....###.#######
#...####.#######..#
#.........^.......#
#........########.##
#...####### #..#
##+#......# #..######
##'###@# #........
#...##r# #.#.#####
#...##r# #.#..# #...##g#
#.#..#
#...##.#######.#...
#...........†..# ...
#....#.######### ..#
##.#......##..
#.#......##.#


You could see a gnoll, a quokka and a rat.

Vanquished Creatures
  A dart slug (D:1)
  5 endoplasms (D:1)
  3 giant cockroaches (D:1)
  A goblin (D:1)
  A hobgoblin (D:1)
  3 jackals (D:1)
  A kobold (D:1)
  A bat (D:1)
  A frilled lizard (D:1)
  A rat (D:1)
18 creatures vanquished.

Notes
Turn   | Place    | Note
-------+----------+-------------------------------------------
     0 | D:1      | bisexualwizard the Minotaur Gladiator began the quest for
                  | the Orb.
     0 | D:1      | Reached XP level 1. HP: 18/18 MP: 0/0
   248 | D:1      | Reached XP level 2. HP: 25/25 MP: 1/1
   253 | D:1      | Reached skill level 4 in Axes
   406 | D:1      | Found a faded altar of an unknown god.
   427 | D:1      | HP: 1/25 [quokka (3)]
   428 | D:1      | Slain by a quokka

Illustrated notes

Levels and vault maps discovered:
D:1:      ncdulo_watergridlock, layout_basic,
          hellmonk_ecumenical_altar_heavens_door

Skill      XL: |  1  2 |
---------------+-------+-----
Axes           | 4 |  4.0
Fighting       | |  2.8
Throwing       | |  2.0
Armour         | |  0.6
Dodging        | |  3.8

Action                   || total
-------------------------++-------
Melee: War axe           ||    34
       Headbutt          ||     8
Armor: Leather armour    ||    11
Dodge: Dodged            ||    25

Table legend: (Time is in decaauts)
 A = Elapsed time spent in this place.
 B = Non-inter-level travel time spent in this place.
 C = Inter-level travel time spent in this place.
 D = Time resting spent in this place.
 E = Time spent auto-exploring this place.
 F = Levels seen in this place.
 G = Mean time per level.
                   A        B        C        D        E       F      G
               +--------+--------+--------+--------+--------+-----+--------+
         Total |    439 |    439 |      0 |      0 |    310 |   1 |  439.0 |
       Dungeon |    439 |    439 |      0 |      0 |    310 |   1 |  439.0 |
               +--------+--------+--------+--------+--------+-----+--------+

Top non-repeatable levels by time:
     D:1: 439 daAuts
